Map: Cyber Forest LE

Players

Woah - Winner!

  • Race: Terran Terran
  • Spawn Location: 11:00

NeoBoss

  • Race: Terran Terran
  • League: Platinum
  • Spawn Location: 5:00

VOD

Have the link to the VOD?

Description

Time

  • Played on: June 12, 2019, 8:23 a.m.
  • Length: 11:44
Show
View Real Time Build Order
Export as new Build Order

Woah Terran - Winner!

Build Orders: Cyclone Opening 

Get SALT Encoding   

  12  0:01  SCV  
  13  0:13  SCV  
  14  0:17  Supply Depot  
  14  0:25  SCV  
  15  0:28  Refinery  
  15  0:38  SCV  
  16  0:46  Barracks  
  16  0:52  SCV  
  17  1:03  Refinery  
  17  1:04  SCV  
  18  1:16  SCV  
  19  1:32  Orbital Command  
  19  1:35  Factory  
  19  1:37  Reaper  
  20  1:59  SCV  
  21  2:13  Command Center  
  21  2:15  Reaper  
  22  2:18  SCV  
  23  2:24  Factory Tech Lab  
  23  2:28  Supply Depot  
  23  2:47  Starport  
  23  2:50  SCV  
  24  2:59  Cyclone  
  24  3:01  Supply Depot  
  24  3:05  SCV  
  28  3:06  Barracks Tech Lab  
  28  3:10  Barracks  
  28  3:26  Marauder  
  30  3:34  Viking  
  32  3:36  Orbital Command  
  32  3:38  SCV  
  33  3:54  Stimpack, Marine  
  33  3:55  SCV  
  36  4:06  Barracks Reactor  
  36  4:07  SCV  
  36  4:09  Engineering Bay  
  36  4:12  SCV, Marine  
  38  4:19  SCV  
  39  4:24  SCV  
  39  4:28  Starport Reactor  
  41  4:31  SCV  
  41  4:39  SCV  
  41  4:41  Marine  
  41  4:42  Marine x2  
  41  4:43  SCV  
  41  4:44  Siege Tank  
  49  4:47  Supply Depot  
  49  4:48  Supply Depot  
  49  5:01  Missile Turret  
  49  5:02  Missile Turret  
  49  5:03  Marine x2  
  49  5:04  Marine  
  52  5:07  Viking  
  54  5:33  Viking  
  56  5:37  Viking  
  58  5:49  Marine  
  58  5:50  Marine x2  
  58  5:51  Command Center  
  58  5:56  Barracks  
  61  5:57  Barracks  
  61  5:58  SCV x2  
  63  6:10  SCV  
  64  6:24  Marine x2  
  64  6:25  Marauder  
  66  6:42  Marine x2  
  66  6:46  Marauder  
  57  7:00  Marine x2  
  50  7:07  Marine  
  51  7:10  Viking x2  
  50  7:47  Marine x3  
  48  7:51  Siege Tank  
  48  7:53  Viking x2  
  55  7:59  Barracks Reactor x2  
  55  8:00  Barracks x2  
  55  8:02  SCV, Barracks  
  55  8:03  SCV  
  55  8:05  Marine x3  
  60  8:15  SCV  
  60  8:16  Combat Shield  
  60  8:19  Command Center  
  61  8:23  Viking, Marine  
  64  8:34  Viking  
  64  8:38  SCV x2  
  64  8:41  Marine x4  
  69  8:42  Refinery  
  69  8:44  Marine, Refinery  
  73  9:09  Marauder, Marine x6  
  77  9:12  Barracks Reactor  
  77  9:14  Barracks Reactor  
  81  9:18  SCV  
  81  9:19  SCV  
  83  9:26  Marine  
  83  9:27  Terran Infantry Weapons Level 1, Marine  
  87  9:31  Marauder, Siege Tank  
  63  10:09  Siege Tank  
  63  10:10  Marauder, Marine x10  
  63  10:11  Marine  
  79  10:27  Marine  
  79  10:28  Marine x6  
  84  10:42  Marine  
  84  10:43  Marauder, Marine x3  
  84  10:45  Marine  
  84  10:46  Marine x6  
  97  10:58  Orbital Command  
  97  11:00  Marine  
  97  11:01  Planetary Fortress, Marine x2  
  100  11:30  SCV  
Show
View Real Time Build Order
Export as new Build Order

NeoBoss Terran 

Build Orders:  

Get SALT Encoding   

  12  0:14  SCV  
  13  0:18  Supply Depot  
  13  0:26  SCV  
  14  0:38  SCV  
  14  0:42  Barracks  
  15  0:44  Refinery  
  15  0:50  SCV  
  16  1:02  SCV  
  17  1:14  SCV  
  18  1:30  Orbital Command  
  18  1:31  Barracks Tech Lab  
  18  1:44  Command Center  
  18  1:49  Marine  
  19  1:55  SCV  
  20  2:07  SCV, Supply Depot  
  20  2:08  Marine  
  22  2:19  SCV  
  22  2:20  Bunker  
  23  2:28  Marine  
  24  2:31  SCV, Refinery  
  25  2:43  SCV  
  26  2:46  Marine  
  27  2:53  Factory  
  27  2:56  SCV, Orbital Command  
  28  3:08  SCV  
  28  3:11  Marine  
  29  3:20  SCV  
  29  3:22  SCV  
  31  3:27  Bunker  
  31  3:29  Marine  
  31  3:32  SCV  
  33  3:34  SCV  
  33  3:38  Factory Reactor  
  34  3:43  Engineering Bay  
  34  3:44  SCV  
  34  3:46  SCV  
  34  3:47  Marine  
  37  3:49  Supply Depot  
  37  3:56  SCV  
  37  3:58  SCV  
  39  4:05  Marine  
  39  4:08  SCV  
  39  4:09  Starport  
  41  4:10  SCV  
  41  4:12  Barracks  
  42  4:20  SCV  
  42  4:23  SCV, Marine  
  45  4:26  Stimpack  
  45  4:28  Hellion x2  
  45  4:29  Terran Infantry Weapons Level 1  
  49  4:32  SCV  
  49  4:35  SCV  
  51  4:38  Supply Depot  
  51  4:39  Supply Depot  
  51  4:47  SCV  
  51  4:49  Supply Depot  
  52  4:57  Marine  
  52  4:58  SCV  
  54  5:00  SCV  
  54  5:03  Factory Tech Lab  
  54  5:04  Refinery  
  54  5:07  Refinery  
  55  5:10  SCV  
  55  5:12  SCV  
  55  5:15  Marine  
  54  5:24  Barracks  
  54  5:25  Barracks Reactor  
  54  5:27  Medivac x2  
  58  5:28  Barracks  
  58  5:32  SCV  
  58  5:34  SCV  
  60  5:44  SCV, Marine  
  60  5:46  SCV  
  60  5:48  Liberator x2, Siege Tank  
  66  5:50  Supply Depot  
  66  5:57  SCV  
  67  5:58  SCV  
  67  6:01  Marine  
  67  6:03  Marine x2  
  77  6:12  Engineering Bay  
  77  6:13  Barracks Tech Lab  
  77  6:14  Starport  
  77  6:15  Barracks Tech Lab  
  77  6:19  SCV, Marine  
  77  6:21  Marine, Barracks  
  80  6:32  SCV  
  70  6:58  Marine x3  
  70  6:59  Marine  
  70  7:00  Marine  
  72  7:08  SCV  
  73  7:16  Missile Turret, Marine  
  73  7:17  Marine  
  73  7:20  SCV, Missile Turret  
  73  7:21  Marine x3  
  77  7:23  Starport Tech Lab, Terran Infantry Armor Level 1  
  77  7:30  Fusion Core  
  77  7:34  Marine  
  77  7:35  Marine  
  75  7:39  Marine  
  73  7:52  Marine  
  74  7:59  Marine x2  
  74  8:00  Marauder x2  
  74  8:01  Concussive Shells  
  74  8:02  Combat Shield  
  74  8:04  Barracks Reactor  
  80  8:07  Medivac x2, Barracks  
  80  8:10  Marine  
  80  8:11  Supply Depot  
  85  8:16  Liberator  
  85  8:17  Supply Depot, Marine  
  86  8:23  Missile Turret  
  86  8:28  Liberator x2  
  86  8:29  Command Center  
  86  8:30  Marine  
  86  8:31  Marauder  
  89  8:40  Supply Depot  
  89  8:45  Missile Turret  
  89  8:46  Marine x2  
  89  8:47  Marauder x2, Marine  
  102  8:56  Armory, Barracks Reactor  
  102  9:02  Marauder, Marine  
  105  9:03  Supply Depot  
  105  9:04  Marine x3  
  105  9:07  SCV  
  105  9:08  Missile Turret  
  109  9:19  SCV  
  110  9:25  Marauder x2  
  110  9:27  Supply Depot  
  114  9:46  Armory  
  114  9:51  Supply Depot  
  77  10:07  Marine x5  
  77  10:12  Medivac x2  
  84  10:16  Banshee  
  87  10:23  Orbital Command  
  87  10:24  SCV  
  87  10:25  Marine x3  
  91  10:32  Sensor Tower  
  91  10:36  SCV  
  91  10:41  Marine x2  
  91  10:42  Medivac x2, Marine x2  
  100  10:48  SCV  
  99  10:56  Orbital Command  
  99  11:12  Viking x2  
  103  11:26  Missile Turret  
Tags
 
League
Platinum
Matchup
TvT
Race
Terran
Replay Pack
r1
Spawn Locations
Cross Positions
Add a new tag
Caveats
  • Supply blocks, unpowered buildings, or Contaminate may cause inaccurate times.
  • Supply counts are checked every 10 seconds.